 Dungeon Crawl Stone Soup version 0.20-a0-537-g052e6ba (webtiles) character file.

63 Duffy the Shield-Bearer (level 4, 17/37 HPs)
             Began as a Naga Fighter on Jan 27, 2017.
             Was a Follower of Hepliaklqana.
             Quit the game on level 2 of the Dungeon.
             The game lasted 00:01:07 (1570 turns).

Duffy the Shield-Bearer (Naga Fighter)              Turns: 1570, Time: 00:01:08

Health: 17/37      AC:  4    Str: 19    XL:     4   Next: 9%
Magic:  4/4        EV:  5    Int:  8    God:    Hepliaklqana [*.....]
Gold:   61         SH:  9    Dex: 11    Spells: 3/3 levels left

rFire    . . .     SeeInvis +   a - +0 war axe
rCold    . . .     Gourm    .   b - +0 scale mail
rNeg     . . .     Faith    .   c - +0 shield
rPois    +         Spirit   .   (no helmet)
rElec    .         Reflect  .   (no cloak)
rCorr    .         Harm     .   (no gloves)
MR       .....                  (no barding)
Stlth    ..........             (no amulet)
Regen    0.2/turn               (no ring)
                                (no ring)

@: very slow
A: reduced essence, see invisible, deformed body, poison resistance, slowness 2,
slow metabolism 1, spit poison 1, AC +1
a: Spit Poison, Recall Ancestor, Ancestor Identity, Renounce Religion


You were on level 2 of the Dungeon.
You worshipped Hepliaklqana.
Hepliaklqana was aware of your devotion.
You were not hungry.

You visited 1 branch of the dungeon, and saw 2 of its levels.

You collected 61 gold pieces.

Inventory:

Hand Weapons
 a - a +0 war axe (weapon)
Armour
 b - a +0 scale mail (worn)
 c - a +0 shield (worn)
Scrolls
 i - a scroll of magic mapping {unknown}
 k - 2 scrolls of fog {unknown}
 l - 5 scrolls of identify {unknown}
Potions
 d - 3 potions of might
 e - a potion of ambrosia {unknown}
 j - 2 potions of heal wounds {unknown}
 m - a potion of invisibility {unknown}
Comestibles
 f - 2 bread rations
 g - 5 chunks of flesh
 h - 2 meat rations


   Skills:
 - Level 3.0 Fighting
 + Level 3.2 Axes
 - Level 2.4 Armour
 + Level 3.3 Shields


You had 3 spell levels left.
You didn't know any spells.

Dungeon Overview and Level Annotations

Branches:
Dungeon (2/15)

Altars:
Hepliaklqana
Yredelemnul


Innate Abilities, Weirdness & Mutations

You cannot wear boots.
Your serpentine skin is tough. (AC +1)
You have supernaturally acute eyesight. (SInv)
Armour fits poorly on your strangely shaped body.
Your system is resistant to poisons. (rPois)
You cover ground very slowly.
You have a slow metabolism.
You can spit poison.
Your life essence is reduced. (-10% HP)


Message History

Things that are here:
a goblin corpse; an adder corpse There isn't anything here!
Things that are here:
a goblin corpse; an adder corpse Butcher a goblin corpse? [(y)es/(c)hoosy/(n)o/(a)ll/(e)dible/(q)uit/?]
You butcher the goblin corpse.
You butcher the adder corpse.
g - 4 chunks of flesh (gained 3);
g - 5 chunks of flesh (gained 1)
Press: ? - help, . - travel You can't see that place. [a faded altar of an unknown god.]
There is a faded altar of an unknown god here.
You cannot tell which god this altar belongs to.
Convert to them anyway?
Hepliaklqana accepts your prayer! Hepliaklqana welcomes you!
Hepliaklqana forms a fragment of your life essence into the memory of your ancestor, Sosibius!
You can now recall your ancestor.
You can now remember your ancestor's identity.
Are you sure you want to abandon this character and quit the game? (Confirm with "yes".)

#######'#.........#
#..........##..##.#
#.................
#.<.......<.#.#.###
#..................
#######.#+#.#..#..
#........#.###
###.R#...#...## #
....#@#..#....#.#
#.##..#........#.#
.. #.....##.#....#
. #.#.#....#..###
#.#.######..#
#.#.........#
.........##.#
#........##.#
#####...##.#


You could see the friendly Sosibius the ancestor.

Vanquished Creatures
  3 adders
  A worm (D:2)
  2 dart slugs
  2 giant cockroaches (D:1)
  5 goblins
  2 hobgoblins (D:1)
  3 kobolds (D:1)
  A ball python (D:1)
  5 bats
  3 frilled lizards (D:1)
  3 rats (D:1)
30 creatures vanquished.

Notes
Turn   | Place    | Note
-------+----------+-------------------------------------------
     0 | D:1      | Duffy the Naga Fighter began the quest for the Orb.
     0 | D:1      | Reached XP level 1. HP: 21/21 MP: 1/1
   307 | D:1      | Reached XP level 2. HP: 22/28 MP: 2/2
   847 | D:1      | Found a basalt altar of Yredelemnul.
   853 | D:1      | Reached XP level 3. HP: 28/34 MP: 3/3
  1512 | D:2      | Found a faded altar of an unknown god.
  1550 | D:2      | Reached XP level 4. HP: 13/42 MP: 4/4
  1569 | D:2      | Became a worshipper of Hepliaklqana the Forgotten
  1569 | D:2      | Reached * piety under Hepliaklqana
  1570 | D:2      | Quit the game

Vault maps used:
D:1:      dpeg_arrival_court, kennysheep_flooded_box
D:2:      chequers_ecumenical_altar_simple, uniq_sigmund

Skill      XL: |  1  2  3 |
---------------+----------+-----
Axes           | 3 |  3.2
Shields        | 3 |  3.3
Fighting       | |  3.0
Armour         | |  2.4

Action                   |  1- 3 |  4- 6 || total
-------------------------+-------+-------++-------
Melee: War axe           |    99 |     2 ||   101
 Abil: Spit Poison       |     2 |       ||     2
  Eat: Chunk             |     1 |       ||     1
Armor: Scale mail        |    38 |       ||    38
Dodge: Dodged            |    29 |       ||    29
Block: Shield            |    55 |     2 ||    57
